 Dungeon Crawl Stone Soup version 0.24.0-13-gcf9b319 (webtiles) character file.

Game seed: 3888585640287582905, levelgen mode: deterministic

19 Fang the Skirmisher (level 2, -4/19 HPs)
             Began as a Gargoyle Berserker on Nov 18, 2019.
             Was a Follower of Trog.
             Slain by a gnoll
             ... wielding a +0 halberd
              (15 damage)
             ... on level 2 of the Dungeon.
             The game lasted 00:00:41 (1061 turns).

Fang the Skirmisher (Gargoyle Berserker)            Turns: 1061, Time: 00:00:42

Health: -4/19      AC:  5    Str: 20    XL:     2   Next: 75%
Magic:  2/2        EV:  9    Int:  7    God:    Trog [*.....]
Gold:   88         SH:  7    Dex:  9    Spells: 1/1 levels left

rFire    . . .     SeeInvis .   a - +0 hand axe
rCold    . . .     Gourm    .   f - +0 shield
rNeg     + . .     Faith    .   b - +0 animal skin
rPois    ∞         Spirit   .   (no helmet)
rElec    +         Reflect  .   (no cloak)
rCorr    .         Harm     .   (no gloves)
MR       .....                  (no boots)
Stlth    +.........             (no amulet)
HPRegen  0.06/turn              (no ring)
MPRegen  0.08/turn              (no ring)

@: berserk cooldown, slowed, very slow
A: negative energy resistance 1, electricity resistance, unbreathing,
petrification resistance, rot immunity, AC +2
a: Berserk, Renounce Religion


You were on level 2 of the Dungeon.
You worshipped Trog.
Trog was aware of your devotion.
You were hungry.

You visited 1 branch of the dungeon, and saw 2 of its levels.

You collected 88 gold pieces.

Inventory:

Hand Weapons
 a - a +0 hand axe (weapon)
Armour
 b - a +0 animal skin (worn)
 f - a +0 shield (worn)
Jewellery
 g - a cursed -2 ring of slaying {unknown}
Scrolls
 d - a scroll of enchant armour {unknown}
 e - 3 scrolls of remove curse {unknown}
 h - a scroll of teleportation {unknown}
Comestibles
 c - a ration


   Skills:
 + Level 3.6 Fighting
 + Level 2.9 Axes
 + Level 2.6 Armour
 + Level 1.9 Dodging


You had one spell level left.
You didn't know any spells.
Your spell library was empty.

Dungeon Overview and Level Annotations

Branches:
Dungeon (2/15)

Altars:


Innate Abilities, Weirdness & Mutations

You are resistant to torment.
Your stone body is resilient. (AC +2)
You are immune to poison.
You resist negative energy. (rN+)
You are resistant to electric shocks. (rElec)
You can survive without breathing.
You are immune to petrification.
You are immune to rotting.


Message History

You are held in a net!
A red film seems to cover your vision as you go berserk!
You feel yourself moving faster!
You feel mighty!
You are feeling hungry.
You tear a large gash into the net.
You feel a strong urge to attack something.
You struggle against the net.
You struggle against the net.
You feel your anger nearly subside.
You are held in a net!
You shred the net and break free!
You are no longer berserk.
You are exhausted.
You feel yourself slow down. The gnoll barely misses you.
The gnoll completely misses you.
You barely miss the gnoll. The gnoll barely misses you.
The gnoll hits you with a +0 halberd.
You hit the gnoll but do no damage. The gnoll hits you with a +0 halberd!
Ouch! That really hurt!
You die...

### #..
#######.######..##
........%.@g......
#....#.#######.##
####....##
###..>## #.#..##
#####
#..#..#####.....
##.##.......#
#.#####..###
###........####


You could see a gnoll.

Vanquished Creatures
  A leopard gecko (D:1)
  4 goblins (D:1)
  3 jackals (D:1)
  A kobold (D:1)
  A quokka (D:2)
  A bat (D:1)
  A frilled lizard (D:1)
  5 rats
  A bush (D:1)
18 creatures vanquished.

Notes
Turn   | Place    | Note
-------+----------+-------------------------------------------
     0 | D:1      | Fang the Gargoyle Berserker began the quest for the Orb.
     0 | D:1      | Reached XP level 1. HP: 14/14 MP: 1/1
   232 | D:1      | Reached XP level 2. HP: 11/19 MP: 2/2
  1061 | D:2      | Slain by a gnoll

Levels and vault maps discovered:
D:1:      dpeg_arrival_tiny_g, layout_loops_ring, st_stairs_13,
          minmay_hedge_maze
D:2:      layout_rooms, serial_forest, infiniplex_forest_lined_ring,
          infiniplex_forest_join, infiniplex_forest_straight_4,
          infiniplex_forest_lined_2, infiniplex_forest_end_2,
          infiniplex_forest_end_double, infiniplex_forest_clump_small,
          infiniplex_forest_end_3, infiniplex_forest_join,
          uniq_crazy_yiuf_cottage, uniq_jessica

Action                   || total
-------------------------++-------
Melee: Hand axe          ||   166
Invok: Berserk           ||     2
  Eat: Chunk             ||     2
Armor: Animal skin       ||    18
Dodge: Dodged            ||    34
Block: Shield            ||    14
